 Dungeon Crawl Stone Soup version 0.26-a0-540-g8a0c9464d7 (webtiles) character file.

Game seed: 12649720391251693349

14282 pk666 the Thaumaturge (level 11, 0/54 HPs)
             Began as a Deep Elf Hedge Wizard on Aug 15, 2020.
             Was an Elder of Vehumet.
             Slain by a cane toad (24 damage)
             ... on level 2 of the Lair of Beasts.
             The game lasted 01:16:43 (20139 turns).

pk666 the Thaumaturge (Deep Elf Hedge Wizard)      Turns: 20139, Time: 01:16:44

Health: 0/54       AC:  9    Str:  7    XL:     11   Next: 86%
Magic:  26/38      EV: 19    Int: 29    God:    Vehumet [****..]
Gold:   944        SH:  0    Dex: 14    Spells: 22/35 levels left

rFire    . . .     SeeInvis .   m - staff of wizardry
rCold    . . .     Faith    .   (no shield)
rNeg     . . .     Spirit   .   b - +0 robe
rPois    .         Reflect  .   c - +0 hat
rElec    .         Harm     .   I - +2 cloak
rCorr    .                      h - +0 pair of gloves
MR       +....                  x - +2 pair of boots
Stlth    ++........             (no amulet)
HPRegen  0.18/turn              f - ring of magical power
MPRegen  0.26/turn              s - +6 ring of intelligence

@: no status effects
A: no striking features
a: Renounce Religion


You were on level 2 of the Lair of Beasts.
You worshipped Vehumet.
Vehumet was greatly pleased with you.
You visited 2 branches of the dungeon, and saw 14 of its levels.

You collected 944 gold pieces.

Inventory:

Armour
 b - a +0 robe (worn)
 c - a +0 hat (worn)
 h - a +0 pair of gloves (worn)
 x - a +2 pair of boots (worn)
 I - a +2 cloak (worn)
Magical Staves
 m - an uncursed staff of wizardry (weapon)
Jewellery
 a - an uncursed ring of protection from magic {unknown}
 f - a ring of magical power (left hand)
 i - an uncursed ring of protection from fire {unknown}
 l - an uncursed ring of see invisible {unknown}
 r - an uncursed ring of wizardry
 s - a +6 ring of intelligence (right hand)
 G - an uncursed ring of flight {unknown}
 H - the ring "Cufatet" {rPois rF+ rN+ Dex-3 Stlth+}
   (You took it off an orc warrior on level 9 of the Dungeon)

   [ring of stealth]

   It affects your dexterity (-3).
   It protects you from fire.
   It protects you from poison.
   It protects you from negative energy.
   It makes you more stealthy.
 N - an uncursed ring of protection from magic {unknown}
 O - an uncursed ring of flight {unknown}
Wands
 k - a wand of paralysis (9)
 y - a wand of polymorph (10)
 A - a wand of enslavement (15)
 D - a wand of acid (10)
 E - a wand of disintegration (27)
 F - a wand of flame (31)
Scrolls
 d - 5 scrolls of magic mapping
 e - a scroll of identify
 g - 7 scrolls of teleportation
 p - 4 scrolls of enchant weapon
 u - 2 scrolls of immolation
 w - 5 scrolls of remove curse
 M - a scroll of fog
Potions
 j - a potion of flight
 n - a potion of invisibility
 o - 3 potions of might
 q - 2 potions of lignification
 t - 2 potions of stabbing
 v - a potion of curing
 B - a potion of mutation
 K - a potion of brilliance
 L - a potion of heal wounds


   Skills:
 + Level 11.0 Dodging
 - Level 2.4 Stealth
 + Level 12.9 Spellcasting
 + Level 10.6 Conjurations
 - Level 2.0 Summonings
 - Level 2.0 Translocations
 + Level 10.3 Fire Magic
 - Level 2.0 Air Magic
 - Level 2.0 Poison Magic


You had 22 spell levels left.
You knew the following spells:

 Your Spells              Type           Power        Failure   Level
a - Magic Dart            Conj           ####         1%          1
b - Blink                 Tloc           N/A          1%          2
c - Conjure Flame         Conj/Fire      ######..     1%          3
d - Mephitic Cloud        Conj/Pois/Air  #####...     1%          3
e - Call Imp              Summ           ####....     1%          2
f - Foxfire               Conj/Fire      ####         1%          1
g - Apportation           Tloc           ####..       1%          1

Your spell library contained the following spells:

 Spells                   Type           Power        Failure   Level
 Irradiate                Conj/Tmut      #####.....   1%          5
 Animate Skeleton         Necr           ###...       1%          1
 Beastly Appendage        Tmut           ###...       1%          1
 Corona                   Hex            ###....      1%          1
 Summon Small Mammal      Summ           ####         1%          1
 Searing Ray              Conj           ######       1%          2
 Slow                     Hex            ###.....     1%          2
 Wereblood                Tmut           ###.....     1%          2
 Dazzling Flash           Conj/Hex       #####.       1%          3
 Lesser Beckoning         Tloc           ####......   1%          3
 Fulminant Prism          Conj/Hex       #####.....   1%          4
 Iskenderun's Mystic Bla  Conj/Tloc      ######..     1%          4
 Spider Form              Tmut/Pois      ###.......   2%          3
 Tukima's Dance           Hex            ###.....     3%          3
 Ice Form                 Ice/Tmut       ###.....     12%         4
 Alistair's Intoxication  Tmut/Pois      ###......    21%         5
 Blade Hands              Tmut           ###.......   30%         5
 Invisibility             Hex            ###.....     83%         6


Dungeon Overview and Level Annotations

Branches:
Dungeon (11/15)            Temple (0/1) D:7            Lair (3/6) D:9
 Shoals (0/4) Lair:2
  Snake: Lair:2-4    Spider: Lair:2-4       Orc: D:9-12

Altars:
Ashenzari
Cheibriados
Fedhas
Gozag
Hepliaklqana
Okawaru
Ru
Trog
Uskayaw
Vehumet
Zin
The Shining One

Shops:
D:5 (=}   D:6 :   D:8 *}   D:10 =

Portals:
Trove: D:10 (give 7 potions of haste)

Annotations:
D:6 2 transporters, Yorgos's ghost, weakling GnDe
D:10 exclusion: downstairs
D:11 Sonja
Lair:2 3 exclusions


Message History

Casting: Foxfire (safe; 1% risk of failure)
Confirm with . or Enter, or press ? or * to list all spells.
You blink.
You feel sick.
Casting: Blink (safe; 1% risk of failure)
Confirm with . or Enter, or press ? or * to list all spells.
A beastly little devil appears in a puff of frigid air.
You feel sick.
Casting: Call Imp (safe; 1% risk of failure)
Confirm with . or Enter, or press ? or * to list all spells.
A beastly little devil appears in a puff of flame.
You feel sick.
Your white imp hits the cane toad but does no damage.
Casting: Call Imp (safe; 1% risk of failure)
Confirm with . or Enter, or press ? or * to list all spells.
A beastly little devil appears in a puff of flame.
You feel sick. The cane toad stings you!
* * * LOW HITPOINT WARNING * * *
Your white imp hits the cane toad but does no damage.
You feel better. The cane toad stings you!!
You die...

##.# #####.#.######..#. #######.#
#............##.#. ###.......##
##.......#.#...#.##
##.........####..##.##..#.#.#..##
P.......#.###.##.##.###.#..#.#..#
..>.......###........#....#....##
.........###.P...........#.#...#
..#.#.#..#..............###....#
.####......#.#5F@....#.## #....#
.###........#....5..##.# #....#
.................5.....####....#
..##.#.....>...#.............#.##
#######....##.###.#..............
##...#### #######...#..#.##
#.#..## ###########...####
#.#.#.###P.P#P.## ##.##
#รท#.............###...####


You could see a cane toad, 2 friendly crimson imps and a friendly white imp
(summoned).

Vanquished Creatures
  2 hydras
  2 two-headed ogres
  Pikel (D:5)
  A deep elf mage (D:9)
  2 manticores
  Maurice (D:9)
  A black mamba (Lair:1)
  A komodo dragon (Lair:2)
  5 cane toads
  5 hippogriffs
  3 yaks (Lair:1)
  A steam dragon (D:11)
  2 vampire mosquitoes (Lair:2)
  Duvessa (D:5)
  2 water moccasins
  3 porcupines
  2 sky beasts
  An ice beast (D:8)
  5 orc warriors
  2 phantoms
  3 ogres
  3 centaurs
  3 lemures (D:5)
  12 crocodiles
  A big kobold (D:8)
  15 bullfrogs
  Dowan (D:5)
  A water moccasin zombie (D:5)
  3 scorpions
  5 killer bees (D:7)
  3 wights (D:10)
  3 howler monkeys
  An electric eel (Lair:1)
  A centaur zombie (D:8)
  5 hounds
  2 quasits
  4 jellies
  5 orc priests
  5 orc wizards
  3 iguanas
  12 worker ants
  A howler monkey zombie (D:8)
  5 adders
  9 gnolls
  A river rat (Lair:3)
  3 shadow imps
  5 white imps
  An ufetubus (D:9)
  2 oozes
  An adder zombie (D:8)
  An adder skeleton (D:7)
  3 worms
  5 leopard geckos
  29 orcs
  2 ball pythons
  4 bats
  7 giant cockroaches
  10 goblins
  10 hobgoblins
  15 jackals
  12 kobolds
  2 quokkas
  5 frilled lizards
  2 goblin skeletons (D:6)
  A goblin zombie (D:6)
  A jackal skeleton (D:4)
  A jackal zombie (D:5)
  A kobold skeleton (D:6)
  3 kobold zombies (D:6)
  A leopard gecko skeleton (D:6)
  A leopard gecko zombie (D:8)
  6 rats
  A foxfire (Lair:2)
285 creatures vanquished.

Vanquished Creatures (collateral kills)
  A hydra (Lair:1)
  A black bear (D:9)
  A white imp (D:9)
  A fungus (Lair:2)
4 creatures vanquished.

Vanquished Creatures (others)
  454 foxfires
  4 fungi (Lair:2)
  3 plants (Lair:2)
461 creatures vanquished.

Grand Total: 750 creatures vanquished

Notes
Turn   | Place    | Note
-------+----------+-------------------------------------------
     0 | D:1      | pk666 the Deep Elf Hedge Wizard began the quest for the
                  | Orb.
     0 | D:1      | Reached XP level 1. HP: 10/10 MP: 7/7
   331 | D:1      | Reached XP level 2. HP: 15/15 MP: 6/9
   335 | D:1      | Learned a level 2 spell: Blink
   590 | D:1      | Reached skill level 5 in Spellcasting
  1022 | D:2      | Reached XP level 3. HP: 19/19 MP: 9/11
  1027 | D:2      | Learned a level 3 spell: Conjure Flame
  1031 | D:2      | Learned a level 3 spell: Mephitic Cloud
  1034 | D:2      | Learned a level 2 spell: Call Imp
  1060 | D:2      | Found a sacrificial altar of Ru.
  1347 | D:2      | Found a radiant altar of Vehumet.
  1356 | D:2      | Became a worshipper of Vehumet
  2106 | D:2      | Reached XP level 4. HP: 18/24 MP: 0/13
  2526 | D:3      | Reached skill level 1 in Poison Magic
  2667 | D:3      | Reached skill level 1 in Fire Magic
  2667 | D:3      | Reached skill level 1 in Air Magic
  3272 | D:4      | Reached XP level 5. HP: 25/28 MP: 9/14
  3651 | D:4      | Reached * piety under Vehumet
  3651 | D:4      | Offered knowledge of Shock by Vehumet.
  3794 | D:4      | Noticed a centaur
  4324 | D:4      | Reached XP level 6. HP: 19/32 MP: 4/16
  4838 | D:4      | Reached skill level 6 in Spellcasting
  5033 | D:4      | Identified the +2 helmet of the Unseen Realm {rF- Int-2
                  | Dex+6 Slay+5} (You found it on level 4 of the Dungeon)
  5036 | D:5      | Entered Level 5 of the Dungeon
  5061 | D:5      | Noticed Duvessa
  5061 | D:5      | Noticed Dowan
  5234 | D:5      | Killed Duvessa
  5234 | D:5      | Reached XP level 7. HP: 35/36 MP: 10/18
  5243 | D:5      | Killed Dowan
  5250 | D:5      | Noticed Pikel
  5615 | D:5      | Found Tinkacor's Weapon Shoppe.
  5877 | D:5      | Reached skill level 7 in Spellcasting
  5961 | D:5      | Found Ezuvoxet's Jewellery Shoppe.
  6391 | D:5      | Found Byosips's Gadget Shoppe.
  6463 | D:5      | Killed Pikel
  6463 | D:5      | Reached skill level 5 in Dodging
  6463 | D:5      | Reached skill level 5 in Conjurations
  6463 | D:5      | Reached XP level 8. HP: 38/41 MP: 19/21
  6618 | D:5      | Found a bloodstained altar of Trog.
  6664 | D:6      | Reached skill level 8 in Spellcasting
  6664 | D:6      | Reached skill level 5 in Fire Magic
  6802 | D:6      | Reached ** piety under Vehumet
  6802 | D:6      | Offered knowledge of Foxfire by Vehumet.
  6820 | D:6      | Found a glowing golden altar of the Shining One.
  6985 | D:6      | Found Ytwumi's Book Emporium.
  7428 | D:6      | Found a hide-covered altar of Uskayaw.
  7609 | D:6      | Learned a level 1 spell: Foxfire
  7640 | D:6      | Noticed Yorgos's ghost (weakling GnDe)
  7642 | D:6      | Found a transporter.
  7646 | D:6      | Found a transporter.
  7652 | D:6      | Noticed a queen bee
  8230 | D:7      | Found a staircase to the Ecumenical Temple.
  8258 | D:7      | Offered knowledge of Dazzling Flash by Vehumet.
  8258 | D:7      | Reached XP level 9. HP: 45/45 MP: 23/23
  8335 | D:7      | Noticed a two-headed ogre
  8348 | D:7      | Killed a two-headed ogre
  8348 | D:7      | Reached skill level 9 in Spellcasting
  8643 | D:7      | Found a shattered altar of Ashenzari.
  8914 | D:7      | Found a blossoming altar of Fedhas.
  9180 | D:8      | Reached *** piety under Vehumet
  9331 | D:8      | Found a hazy altar of Hepliaklqana.
  9347 | D:8      | Found a glowing silver altar of Zin.
  9362 | D:8      | Found a snail-covered altar of Cheibriados.
  9560 | D:8      | Reached skill level 10 in Spellcasting
  9731 | D:8      | Found Daneril's Gadget Emporium.
 10005 | D:8      | Offered knowledge of Fulminant Prism by Vehumet.
 10061 | D:8      | Found an iron altar of Okawaru.
 10501 | D:8      | Found Caacsiodd's Assorted Antiques.
 10651 | D:8      | Found a glowing golden altar of the Shining One.
 10919 | D:9      | Reached XP level 10. HP: 50/50 MP: 19/26
 11356 | D:9      | Noticed a manticore
 11643 | D:9      | Found a hide-covered altar of Uskayaw.
 11643 | D:9      | Noticed Maurice
 11880 | D:9      | Noticed a two-headed ogre
 11890 | D:9      | Killed a two-headed ogre
 11951 | D:9      | Found an opulent altar of Gozag.
 12159 | D:9      | Found a staircase to the Lair.
 12167 | D:9      | Noticed a deep elf mage
 12182 | D:9      | Killed a deep elf mage
 12416 | D:9      | Found an opulent altar of Gozag.
 12491 | D:9      | Noticed a +0 hand axe
 12491 | D:9      | Noticed a +0 hand axe
 12703 | D:9      | Identified the ring "Cufatet" {rPois rF+ rN+ Dex-3 Stlth+}
 12748 | D:9      | Reached skill level 11 in Spellcasting
 13010 | D:9      | Killed Maurice
 13159 | D:9      | Killed a manticore
 13544 | D:10     | Entered Level 10 of the Dungeon
 13963 | D:10     | Found Durept's Jewellery Emporium.
 14014 | D:10     | Reached **** piety under Vehumet
 14314 | D:10     | Found a portal to a secret trove of treasure.
 14761 | D:11     | Noticed Sonja
 14761 | D:11     | Noticed a red ugly thing
 14761 | D:11     | Noticed a two-headed ogre
 14999 | Lair:1   | Entered Level 1 of the Lair of Beasts
 15054 | Lair:1   | Reached XP level 11. HP: 54/54 MP: 18/28
 15092 | Lair:1   | Noticed a six-headed hydra
 15101 | Lair:1   | Killed a six-headed hydra
 15182 | Lair:1   | Learned a level 1 spell: Apportation
 15233 | Lair:1   | Offered knowledge of Irradiate by Vehumet.
 15404 | Lair:1   | Reached skill level 12 in Spellcasting
 15418 | Lair:1   | Reached skill level 10 in Dodging
 16536 | Lair:1   | Noticed a six-headed hydra
 16610 | Lair:1   | Killed a six-headed hydra
 16610 | Lair:1   | Reached skill level 10 in Conjurations
 17317 | Lair:2   | Noticed a six-headed hydra
 18349 | Lair:2   | Reached skill level 10 in Fire Magic
 18622 | Lair:2   | Killed a six-headed hydra
 19086 | Lair:2   | Found a staircase to the Shoals.
 20139 | Lair:2   | Slain by a cane toad

Illustrated notes

Levels and vault maps discovered:
D:1:      sevenhm_arrival_forest_fort_small_6, layout_basic, minmay_unequal
D:2:      layout_basic, lemuel_crystal_altar, roderic_lattice_a,
          nicolae_ru_awakened_eye
D:3:      layout_rooms, serial_rivers, chequers_serial_rivers_micro_b,
          chequers_serial_rivers_marsh, chequers_serial_rivers_micro_e,
          chequers_serial_rivers_room_b, chequers_serial_rivers_micro_d,
          minmay_misc_feat_hallway
D:4:      layout_basic
D:5:      layout_loops_ring, kennysheep_mini, serial_shops, shop, shop, shop,
          moated_statue, uniq_duvessa, uniq_pikel
D:6:      layout_gridville, serial_shops, shop, basic_altar,
          gammafunk_ghost_hive, nicolae_tso_besieged_by_evil
D:7:      layout_loops_ring, fedhas_altar_fruit_tree,
          nicolae_overflow_crystal_walls, temple_fountains
D:8:      layout_loops_corners, okawaru_altar_gauntlet_db,
          nicolae_overflow_quartered_altars, serial_shops,
          nicolae_shop_overgrown_old_shop, kennysheep_little_box
D:9:      minmay_ornate_pinched, layout_basic, dancing_weapons_uskayaw,
          overflow_temple_1_default, grunt_gozag_statues, uniq_maurice
D:10:     layout_grid_maze, enter_trove_2, serial_shops, nicolae_shop_stone
D:11:     layout_loops_ring, yredelemnul_altar_generic, uniq_sonja, uniq_psyche
Lair:1:   cheibrodos_lair_river_kwai, layout_regular_city, serial_bayou_ford_a,
          infiniplex_staircase_pool
Lair:2:   layout_loops_ring, minmay_shoals_entry_beasts, st_stairs_4, pond
Lair:3:   layout_small_grid, kennysheep_abandoned_house, grunt_megastairs_5

Skill      XL: |  1  2  3  4  5  6  7  8  9 10 11 |
---------------+----------------------------------+-----
Conjurations   | 2 3 4 5 6 7 9 10 | 10.6
Spellcasting   | 5 6 7 8 10 11 12 | 12.9
Translocations | 2 |  2.0
Poison Magic   | 1 2 |  2.0
Fire Magic     | 1 2 3 4 5 7 9 10 | 10.3
Air Magic      | 1 2 |  2.0
Summonings     | 2 |  2.0
Dodging        | 5 6 8 9 11 | 11.0
Stealth        | |  2.4

Action                   |  1- 3 |  4- 6 |  7- 9 | 10-12 || total
-------------------------+-------+-------+-------+-------++-------
Melee: Dagger            |     4 |     4 |     1 |       ||     9
       Staff             |       |       |     1 |     4 ||     5
 Cast: Magic Dart        |   124 |   135 |   425 |   252 ||   936
       Conjure Flame     |       |     7 |    30 |    47 ||    84
       Mephitic Cloud    |       |     4 |    30 |    73 ||   107
       Blink             |       |     1 |     4 |    17 ||    22
       Call Imp          |       |       |     7 |    60 ||    67
       Foxfire           |       |       |    37 |   220 ||   257
       Apportation       |       |       |       |     2 ||     2
  Use: Potion            |     1 |       |       |     6 ||     7
       Scroll            |       |    10 |     5 |    11 ||    26
 Stab: Confused          |       |     2 |       |       ||     2
Armor: Robe              |    11 |     7 |    34 |    13 ||    65
Dodge: Dodged            |    24 |    11 |    96 |    83 ||   214

Table legend: (Time is in decaauts)
 A = Elapsed time spent in this place.
 B = Non-inter-level travel time spent in this place.
 C = Inter-level travel time spent in this place.
 D = Time resting spent in this place.
 E = Time spent auto-exploring this place.
 F = Levels seen in this place.
 G = Mean time per level.
                   A        B        C        D        E       F      G
               +--------+--------+--------+--------+--------+-----+--------+
         Total |  20178 |  19449 |    729 |   7813 |   7091 |  14 | 1441.3 |
       Dungeon |  15012 |  14449 |    563 |   5146 |   6216 |  11 | 1364.7 |
          Lair |   5165 |   4999 |    166 |   2667 |    874 |   3 | 1721.7 |
               +--------+--------+--------+--------+--------+-----+--------+

Top non-repeatable levels by time:
  Lair:2: 2998 daAuts
     D:9: 2407 daAuts
  Lair:1: 2104 daAuts
     D:8: 2009 daAuts
     D:5: 1701 daAuts
     D:4: 1629 daAuts
    D:10: 1394 daAuts
     D:2: 1296 daAuts
     D:6: 1262 daAuts
     D:7: 1118 daAuts
     D:1: 1100 daAuts
     D:3: 1047 daAuts
  Lair:3: 63 daAuts
    D:11: 44 daAuts
